AoeStats
← Arbuz

African Clearing

504812684Analyzed
4v4 RM · 27d ago on Sep 6, 2026· 33m 24s· 8 players
Game mode
Random Map
Map size
Large (8 player)
Population
200
Speed
Normal
Resources
Standard
Victory
Conquest
Starting age
Dark Age
Ending age
Imperial Age
RankedLock teamsTeams togetherTeam positionsShared explorationLock speedFull tech treeHidden civsTurbo modeCheats
Victory
Defeat
🇮🇳 Franks · India
1437
+14
🇨🇳 Tupi · China
1339
+18
🇫🇷 Huns · France
1309
+21
🇮🇳 Burgundians · India
1234
+23
🇨🇴 Magyars · Colombia
1410
-20
🇸🇪 Berbers · Sweden
1408
-20
🇵🇱 Koreans · Poland
1405
-19
🇸🇪 Vietnamese · Sweden
1347
-17
le Nain Becile
9:32 Loom
11:45 Feudal Age
12:19 Double-Bit Axe
20:46 Wheelbarrow
22:17 Castle Age
21:09 Scale Barding Armor
21:18 Bloodlines
22:00 Scale Barding Armor
22:15 Horse Collar
23:08 Husbandry
22:31 Light Cavalry
23:37 Chain Barding Armor
27:48 Wheelbarrow
31:58 Bow Saw
32:06 Fletching
33:55 Bodkin Arrow
36:34 Imperial Age
Chupacabra
4:34 Loom
10:09 Wheelbarrow
10:41 Double-Bit Axe
14:51 Feudal Age
19:01 Castle Age
19:01 Bow Saw
18:32 Horse Collar
19:28 Forging
20:44 Scale Barding Armor
22:11 Town Watch
23:43 Husbandry
28:59 Chain Barding Armor
28:37 Cavalier
34:01 Hand Cart
Parle Genius
6:30 Loom
15:05 Feudal Age
16:53 Double-Bit Axe
19:19 Wheelbarrow
21:57 Castle Age
20:30 Scale Barding Armor
22:20 Forging
刀他(她)
10:50 Loom
14:41 Feudal Age
15:03 Champi Runner
16:39 Double-Bit Axe
16:38 Horse Collar
22:36 Castle Age
21:43 Stone Mining
21:49 Gold Mining
23:56 Champi Warrior
24:37 Squires
26:40 Town Watch
26:50 Arson
29:04 Wheelbarrow
30:11 Bow Saw
30:01 Heavy Plow
35:13 Imperial Age
33:53 Gold Shaft Mining
34:09 Forging
34:00 Scale Mail Armor
Ak-guy
4:38 Loom
13:56 Feudal Age
20:48 Castle Age
18:54 Double-Bit Axe
21:27 Bloodlines
21:57 Bow Saw
22:25 Scale Barding Armor
22:10 Fishing Lines
22:48 Horse Collar
23:57 Gold Mining
31:39 Wheelbarrow
31:11 Heavy Plow
31:34 Gillnets
32:46 Chain Barding Armor
Arbuz
5:02 Loom
14:10 Feudal Age
15:27 Double-Bit Axe
18:21 Castle Age
16:22 Horse Collar
19:23 Bow Saw
19:14 Heavy Plow
24:49 Wheelbarrow
27:40 Stone Mining
29:10 Stone Shaft Mining
28:39 Gold Mining
29:37 Hand Cart
32:09 Gold Shaft Mining
31:33 Fletching
32:36 Ballistics
32:14 Bodkin Arrow
Fuzzy
5:21 Loom
13:55 Feudal Age
15:47 Gold Mining
15:47 Double-Bit Axe
16:12 Fletching
22:06 Horse Collar
26:08 Padded Archer Armor
Sebastianquijanog
9:25 Loom
11:44 Feudal Age
12:36 Double-Bit Axe
16:32 Horse Collar
21:03 Castle Age
19:46 Bloodlines
20:08 Scale Barding Armor
22:12 Chain Barding Armor
21:13 Light Cavalry
30:26 Husbandry
Connection lost

Rejoining the realm…

Still unreachable

The connection could not be restored.

Session expired

The server has moved on; the page needs a fresh start.